 Dungeon Crawl Stone Soup version 0.28.0-45-g0d030f2227 (webtiles) character file.

Game seed: 15080807140807884666

667 pkoi the Twirler (level 7, -14/57 HPs)
             Began as a Demigod Gladiator on Apr 8, 2022.
             Demolished by an ogre
             ... wielding a +0 giant spiked club
              (21 damage)
             ... on level 4 of the Dungeon.
             The game lasted 00:08:56 (5450 turns).

pkoi the Twirler (Demigod Gladiator)                Turns: 5450, Time: 00:08:56

Health: -14/57     AC: 10    Str: 15    XL:     7   Next: 9%
Magic:  9/9        EV: 13    Int: 18    God:
Gold:   183        SH:  0    Dex: 15    Spells: 4/6 levels left

rFire   . . .      SeeInvis .   y - staff of earth
rCold   . . .      Faith    .   (no shield)
rNeg    . . .      Spirit   .   b - +0 leather armour
rPois   .          Reflect  .   c - +0 helmet
rElec   .          Harm     .   o - +0 cloak
rCorr   .          Rampage  .   q - +0 pair of gloves
Will    .....                   (no boots)
Stlth   +.........              (no amulet)
HPRegen 0.19/turn               f - +4 ring of protection
MPRegen 0.11/turn               (no ring)

@: no status effects
A: high MP 1, forlorn, divine attributes
a: no special abilities


You were on level 4 of the Dungeon.
You visited 1 branch of the dungeon, and saw 5 of its levels.
You also visited: Ossuary.

You collected 183 gold pieces.

Inventory:

Hand Weapons
 a - a +0 quarterstaff
 n - a +3 quarterstaff of chaos
 w - a +1 whip of venom
Missiles
 d - 5 throwing nets (quivered)
Armour
 b - a +0 leather armour (worn)
 c - a +0 helmet (worn)
 o - a +0 cloak (worn)
 q - a +0 pair of gloves (worn)
Magical Staves
 y - a staff of earth (weapon)
Jewellery
 f - a +4 ring of protection (left hand)
Wands
 h - a wand of flame (11)
 k - a wand of polymorph (2)
 m - a wand of acid (3)
Scrolls
 e - a scroll of immolation
 i - a scroll of vulnerability
 j - 3 scrolls of blinking
 l - 3 scrolls of identify
 x - a scroll of silence
Potions
 g - 2 potions of curing
 p - a potion of haste
 r - a potion of brilliance {unknown}
 s - a potion of magic
 t - a potion of ambrosia {unknown}
 u - a potion of flight
 v - a potion of might


   Skills:
 + Level 3.0 Fighting
 + Level 5.7 Staves
 - Level 1.7 Throwing
 - Level 4.0 Dodging
 + Level 0.1 Earth Magic
 + Level 3.2 Evocations


You had 4 spell levels left.
You knew the following spells:

 Your Spells              Type           Power      Damage    Failure   Level
a - Passwall              Tmut/Erth      0%         N/A       38%         2

Your spell library contained the following spells:

 Spells                   Type           Power      Damage    Failure   Level
 Sandblast                Erth           0%         2d4       26%         1
 Call Canine Familiar     Summ           0%         N/A       63%         3
 Portal Projectile        Hex/Tloc       0%         N/A       63%         3
 Stone Arrow              Conj/Erth      0%         3d7       63%         3
 Leda's Liquefaction      Hex/Erth       0%         N/A       95%         4
 Fireball                 Conj/Fire      0%         3d3       100%        5
 Freezing Cloud           Conj/Ice/Air   0%         6-21      100%        5
 Simulacrum               Ice/Necr       0%         N/A       100%        6
 Starburst                Conj/Fire      0%         6d3       100%        6
 Ignition                 Fire           0%         3d3       100%        8
 Polar Vortex             Ice            0%         N/A       100%        9


Dungeon Overview and Level Annotations

Branches:
Dungeon (5/15)            Ossuary (visited)
 Temple: D:4-7

Shops:
D:2 :


Innate Abilities, Weirdness & Mutations

You have an increased reservoir of magic. (+10% MP)
You shall have no god before yourself.
Your divine heritage dramatically boosts your attributes as you level up.


Message History

The orc priest calls down the wrath of Beogh upon you.
Beogh smites you!
* * * LOW HITPOINT WARNING * * *
The shadow imp disappears for a moment.
You see here a +0 flail.
Found a smoky cyan potion.
Found 16 gold pieces.
The shadow imp gestures at you. Pain shoots through your body!
* * * LOW HITPOINT WARNING * * *
The shadow imp gestures at you. Pain shoots through your body!
* * * LOW HITPOINT WARNING * * *
The shadow imp disappears for a moment.
There is an escape hatch in the ceiling here.
The ogre hits you with a +0 giant spiked club!
* * * LOW HITPOINT WARNING * * *
A mysterious force pulls you upwards. The hatch slams shut behind you.
You hit the ogre but do no damage. The ogre closely misses you.
You hit the ogre.
The ogre is lightly wounded.
You hit the ogre.
The ogre is lightly wounded.
The ogre misses you.
You hit the ogre.
The ogre is moderately wounded.
The ogre hits you with a +0 giant spiked club!
* * * LOW HITPOINT WARNING * * *
You hit the ogre.
The ogre is heavily wounded.
You hit the ogre.
The ogre is heavily wounded.
The ogre closely misses you.
You hit the ogre but do no damage.
The ogre is heavily wounded.
The ogre misses you.
You hit the ogre.
The ogre is severely wounded.
The ogre hits you with a +0 giant spiked club!!
You die...

######## ##### #####......#
#...#######
...........############...##.....
..............................>..
####.......####.#####.######.....
# #........# #.# #.# #..... #
#..†.....# #.#####.#### ##...# ##
#........# #O.........####...#
.###........# #.@..........##...#
.....#.####.# #............##..†#
.#####+## #.# #............##..†.
........###.###...._......))†....
........................#####....
............###.........# #....
#.###...##### #.........# #....
#'####### #.........# ##### ...#
#...###.#.#


You could see an ogre.

Vanquished Creatures
  A phantom (D:4)
  A scorpion (D:4)
  A jelly (D:5)
  4 hounds (D:5)
  An orc priest (D:4)
  Crazy Yiuf (D:2)
  Jessica (D:2)
  4 mummies (Ossuary)
  4 gnolls (D:4)
  10 adders
  A worm (D:3)
  3 dart slugs
  2 orcs
  7 bats
  10 endoplasms
  6 giant cockroaches
  2 gnoll zombies (Ossuary)
  10 goblins
  8 hobgoblins
  6 jackals
  6 quokkas
  10 ball pythons
  A frilled lizard (D:2)
  A goblin zombie (Ossuary)
  3 hobgoblin zombies (Ossuary)
  7 kobolds
  2 orc zombies (Ossuary)
  5 rats
118 creatures vanquished.

Vanquished Creatures (others)
  5 dream sheep (D:4)
5 creatures vanquished.

Grand Total: 123 creatures vanquished

Notes
Turn   | Place    | Note
-------+----------+-------------------------------------------
     0 | D:1      | pkoi the Demigod Gladiator began the quest for the Orb.
     0 | D:1      | Reached XP level 1. HP: 17/17 MP: 3/3
   205 | D:1      | Reached skill level 3 in Staves
   212 | D:1      | Reached XP level 2. HP: 18/24 MP: 4/4
   651 | D:1      | Reached XP level 3. HP: 29/29 MP: 5/5
  1241 | D:2      | Found Plog's Book Shoppe.
  1405 | D:2      | Found a runed translucent door.
  1406 | D:2      | Noticed Crazy Yiuf
  1442 | D:2      | Noticed Jessica
  1447 | D:2      | Killed Jessica
  1448 | D:2      | Reached XP level 4. HP: 28/37 MP: 6/6
  1580 | D:2      | Reached skill level 4 in Staves
  1904 | D:2      | Killed Crazy Yiuf
  2175 | D:3      | You fall into a shaft and drop 2 floors!
  2175 | D:5      | Entered Level 5 of the Dungeon
  2193 | D:5      | Found a sand-covered staircase.
  2201 | Ossuary  | Entered an ossuary
  2224 | Ossuary  | Reached XP level 5. HP: 21/44 MP: 7/7
  2975 | D:5      | Reached skill level 1 in Evocations
  3100 | D:4      | Noticed an orc warrior
  3153 | D:5      | Reached XP level 6. HP: 51/51 MP: 8/8
  3170 | D:5      | Reached skill level 5 in Staves
  3671 | D:3      | Noticed Sigmund
  3881 | D:3      | Noticed Sigmund
  3881 | D:3      | Sigmund changed into Sigmund the worm
  3888 | D:3      | Killed Sigmund the worm
  4616 | D:4      | Reached XP level 7. HP: 41/57 MP: 9/9
  4711 | D:4      | Noticed a dream sheep
  4711 | D:4      | Noticed a dream sheep
  4711 | D:4      | Noticed a dream sheep
  4711 | D:4      | Noticed a dream sheep
  4711 | D:4      | Noticed a dream sheep
  4716 | D:4      | Killed a dream sheep
  4716 | D:4      | Killed a dream sheep
  4716 | D:4      | Killed a dream sheep
  4716 | D:4      | Killed a dream sheep
  4717 | D:4      | Killed a dream sheep
  5058 | D:4      | Learned a level 2 spell: Passwall
  5450 | D:4      | Demolished by an ogre

Illustrated notes

Levels and vault maps discovered:
D:1:      scummos_arrival_star, layout_rooms, minivault_5
D:2:      layout_loops_corners, serial_shops, shop,
          ebering_ecumenical_altar_rust, uniq_crazy_yiuf_cottage, uniq_jessica
D:3:      layout_basic, pdpol_wu_jian_five_deadly_venoms, uniq_sigmund
D:4:      layout_basic, kb_xom_exploding_sheep, amethyst_overflow_temple_binary
D:5:      layout_cave_pools, serial_gnoll_camp, grums_kennel,
          gnoll_camp_medium_01, gnoll_camp_mini_doghouse, gnoll_camp_mini_hut,
          gnoll_camp_mini_hut, gnoll_camp_mini_basic,
          chequers_ossuary_entry_cave, lightli_sewer_entry_pipes,
          serial_bayou_pond_e

Skill      XL: |  1  2  3  4  5  6 |
---------------+-------------------+-----
Fighting       | 2 3 |  3.0
Staves         | 3 4 5 |  5.7
Dodging        | 3 4 |  4.0
Evocations     | 1 3 |  3.2
Throwing       | |  1.7
Earth Magic    | |  0.1

Action                   |  1- 3 |  4- 6 |  7- 9 || total
-------------------------+-------+-------+-------++-------
Melee: Quarterstaff      |   145 |   228 |    10 ||   383
       Staff             |       |       |    31 ||    31
       Punch             |       |       |     1 ||     1
Evoke: Wand              |       |     2 |       ||     2
  Use: Scroll            |       |     7 |       ||     7
       Potion            |       |     5 |       ||     5
 Stab: Sleeping          |     1 |     3 |       ||     4
       Distracted        |       |     1 |       ||     1
Armor: Leather armour    |    62 |    81 |    12 ||   155
       Skin              |       |     1 |       ||     1
Dodge: Dodged            |   115 |   172 |    32 ||   319
